 Dungeon Crawl Stone Soup version 0.23-a0-183-gf37f6fb (webtiles) character file.

80569 namelastname112 the Lord of Darkness (level 15, -1/143 HPs)
             Began as a Grey Draconian Assassin on Sept 21, 2018.
             Was the Champion of Kikubaaqudgha.
             Slain by an orc warrior
             ... wielding a +0 dire flail
             ... led by an orc knight
              (26 damage)
             ... on level 2 of the Orcish Mines.
             The game lasted 00:59:05 (24374 turns).

namelastname112 the Lord of Darkness (DrAs)        Turns: 24374, Time: 00:59:06

Health: -1/143     AC: 18    Str: 13    XL:     15   Next: 24%
Magic:  26/28      EV: 19    Int: 14    God:    Kikubaaqudgha [******]
Gold:   1111       SH:  5    Dex: 17    Spells: 7/33 levels left

rFire    + + .     SeeInvis .   v - +1 dagger (pain)
rCold    + . .     Gourm    .   W - +0 buckler
rNeg     . . .     Faith    .   (armour unavailable)
rPois    .         Spirit   .   (helmet restricted)
rElec    .         Reflect  .   i - scarf {rC+ rF+}
rCorr    .         Harm     .   V - +1 pair of gloves
MR       +....                  s - +1 pair of boots
Stlth    +++++.....             m - amulet of rage
HPRegen  0.33/turn              k - +4 ring of slaying
MPRegen  0.21/turn              F - ring of protection from fire

@: very slow
A: walk through water, unfitting armour, fangs 1, talons 1, robust 1,
unbreathing, cold-blooded, AC +14
a: Receive Corpses, Torment, Brand Weapon With Pain, Receive Necronomicon,
Renounce Religion, Evoke Berserk Rage


You were on level 2 of the Orcish Mines.
You worshipped Kikubaaqudgha.
Kikubaaqudgha was exalted by your worship.
You were not hungry.

You visited 4 branches of the dungeon, and saw 24 of its levels.
You visited 1 bazaar.
You also visited: Labyrinth and Sewer.

You collected 1858 gold pieces.
You spent 747 gold pieces at shops.

Inventory:

Hand Weapons
 b - a +0 blowgun
 v - a +1 dagger of pain (weapon)
 I - the +7 quarterstaff "Antiecug" {speed, rElec rC+}
   (You found it in a sewer)

   Attacks with this weapon are significantly faster.
   It protects you from cold.
   It insulates you from electricity.
 T - a +2 dagger of electrocution
Missiles
 d - 143 poisoned needles
 e - 8 curare-tipped needles
 E - 2 throwing nets (quivered)
Armour
 c - a +0 cloak
 i - a scarf of resistance (worn)
 s - a +1 pair of boots (worn)
 V - a +1 pair of gloves (worn)
 W - a +0 buckler (worn)
Jewellery
 k - a +4 ring of slaying (left hand)
 m - an amulet of rage (around neck)
 o - an uncursed ring of see invisible
 F - a ring of protection from fire (right hand)
 J - an uncursed ring of resist corrosion
 S - an uncursed ring of flight
Wands
 G - a wand of polymorph (11)
 H - a wand of digging (29)
 K - a wand of scattershot (4)
 P - a wand of flame (50)
 Q - a wand of clouds (6)
 R - a wand of disintegration (42)
 U - a wand of random effects (16)
 X - a wand of iceblast (1)
Scrolls
 a - a scroll of holy word
 g - 2 scrolls of fog
 l - 14 scrolls of remove curse
 t - 3 scrolls of immolation
 u - 3 scrolls of magic mapping
 w - 8 scrolls of teleportation
 y - 6 scrolls of identify
 C - a scroll of amnesia
 D - a scroll of blinking
 L - a scroll of enchant armour
 N - 4 scrolls of enchant weapon
 O - a scroll of brand weapon
Potions
 h - 7 potions of curing
 j - 6 potions of haste
 n - 3 potions of might
 p - 5 potions of mutation
 r - a potion of agility
 x - a potion of resistance
 z - 4 potions of flight
 A - a potion of brilliance
 B - 2 potions of magic
 M - 3 potions of heal wounds
Miscellaneous
 q - a phial of floods
 Z - a phial of floods
Comestibles
 f - 20 rations


   Skills:
 - Level 11.6 Fighting
 - Level 11.3 Short Blades
 - Level 4.2 Throwing
 - Level 9.8 Dodging
 - Level 11.1 Stealth
 - Level 4.0 Shields
 - Level 9.6 Spellcasting
 + Level 12.6 Necromancy
 - Level 3.5 Earth Magic


You had 7 spell levels left.
You knew the following spells:

 Your Spells              Type           Power        Failure   Level  Hunger
a - Animate Skeleton      Necr           N/A          1%          1    None
b - Animate Dead          Necr           N/A          1%          4    ###....
c - Dispel Undead         Necr           #####...     1%          5    #####..
d - Regeneration          Chrm/Necr      ###.......   2%          3    #......
e - Agony                 Necr           #####...     1%          5    #####..
f - Borgnjor's Vile Clut  Necr/Erth      ####......   11%         5    #####..
x - Vampiric Draining     Necr           #####.....   1%          3    #......

Your spell library contained the following spells:

 Spells                   Type           Power        Failure   Level  Hunger
 Pain                     Necr           ####         1%          1    None
 Sublimation of Blood     Necr           #####.....   1%          2    None
 Poisonous Vapours        Pois/Air       #.....       17%         2    None
 Excruciating Wounds      Chrm/Necr      ###.......   22%         5    #####..
 Conjure Flame            Conj/Fire      #.......     32%         3    #......
 Ignite Poison            Fire/Tmut/Pois #.......     32%         3    #......
 Mephitic Cloud           Conj/Pois/Air  #.......     32%         3    #......
 Summon Lightning Spire   Summ/Air       #.......     73%         4    ###....
 Silence                  Hex/Air        #.........   97%         5    #####..
 Conjure Ball Lightning   Conj/Air       #.........   100%        6    ######.
 Deflect Missiles         Chrm/Air       #.........   100%        6    ######.
 Freezing Cloud           Conj/Ice/Air   #.........   100%        6    ######.
 Haunt                    Necr/Summ      ###.......   100%        7    #######
 Ring of Flames           Chrm/Fire      #.........   100%        7    #######
 Borgnjor's Revivificati  Necr           #####.....   99%         8    #######
 Infestation              Necr           #####.....   99%         8    #######
 Death's Door             Chrm/Necr      ###.......   100%        8    #######
 Necromutation            Tmut/Necr      ###.......   100%        8    #######
 Tornado                  Air            #.........   100%        9    #######


Dungeon Overview and Level Annotations

Branches:
Dungeon (15/15)            Temple (1/1) D:4            Lair (6/6) D:8
 Shoals (0/4) Lair:2        Snake (0/4) Lair:2        Slime (0/5) Lair:6
    Orc (2/2) D:12            Elf (0/3) Orc:2        Vaults (0/5) D:13
 Depths (0/5) D:15

Altars:
Ashenzari
Cheibriados
Dithmenos
Elyvilon
Fedhas
Gozag
Hepliaklqana
Kikubaaqudgha
Makhleb
Nemelex Xobeh
Okawaru
Qazlal
Ru
Sif Muna
Trog
Uskayaw
Vehumet
Wu Jian
Xom
Yredelemnul
Zin
The Shining One

Shops:
D:7 }*}!   D:10 ?

Annotations:
Lair:6 2 transporters, exclusion: 5 oklob plants, Asenluoll's ghost, journeyman MiBe


Innate Abilities, Weirdness & Mutations

You can walk through water.
Your dull iron-grey scales are very hard. (AC +14)
You cannot fit into any form of body armour.
You can survive without breathing.
You are cold-blooded and may be slowed by cold attacks.
You have very sharp teeth.
You have sharp toenails.
You are robust. (+10% HP)


Message History

You enter the shallow water.
Moving in this stuff is going to be slow.
You regained 2 hp, and now have 49/143 hp.
You sink to the bottom.
You regained 2 hp, and now have 51/143 hp.
The orc no longer looks unusually strong.
You regained 2 hp, and now have 53/143 hp.
The orc knight roars a battlecry!
The orc goes into a battle-frenzy!
Found 19 gold pieces.
You regained 2 hp, and now have 55/143 hp.
Your skin is crawling a little less now.
You regained 2 hp, and now have 58/143 hp.
You regained 2 hp, and now have 62/143 hp.
Your skin stops crawling.
The orc warrior hits you with a dire flail!!!
* * * LOW HITPOINT WARNING * * *
The orc warrior hits you with a dire flail!!
You die...
Kikubaaqudgha rasps: "You have failed me!
Welcome... death!"

.....## .....# ...### *##
.### *.####*** ...#
####.#..#*,*** ####
##...#.#.#,,,,** .# ###
####........,*,,,,*
.#####.###..≈.≈.o.#,,,,,,,**
.o..#.....P.≈≈o≈@##,,,,,,**
#.......P...))o≈≈≈#**,,,**
##...#....P.)≈≈≈≈≈≈≈#,,,,*
..)..####..≈≈≈≈≈≈.##....**
.....#*#.........##*,...$**
...#.##....##......,,,...,*
......##...###......,,*#.**
..##.#.#...#*##......,,***
.#,##.....##,*###....,,,*


You could see an orc knight, an orc warrior and an orc.

Vanquished Creatures
  Kirke (Lair:5)
  A minotaur (Lab)
  The ghost of nht the Grappler, a journeyman OgTm of Makhleb (D:12)
  7 hydras
  A great orb of eyes (D:14)
  Fannar (D:11)
  Erolcha (D:12)
  A catoblepas (Lair:6)
  2 ogre magi
  5 centaur warriors
  A death knight (D:13)
  7 death yaks
  7 two-headed ogres
  Sonja (D:10)
  2 skeletal warriors (D:13)
  3 unseen horrors
  A wizard (D:15)
  A wolf spider zombie (D:12)
  An ugly thing (D:12)
  4 deep elf magi
  3 manticores
  A centaur zombie (D:14)
  The ghost of soark the Destroyer, a novice DECj (D:9)
  6 black mambas
  Maurice (D:9)
  2 torpor snails
  2 gargoyles
  6 spiny frogs
  7 rime drakes
  4 komodo dragons
  4 yaktaurs (D:13)
  A freezing wraith (D:13)
  A harpy zombie (D:14)
  6 hornets
  3 polar bears
  3 trolls
  A wolf spider simulacrum (D:14)
  10 slime creatures
  A snapping turtle (shapeshifter) (D:15)
  15 blink frogs
  7 dream sheep (Lair:6)
  9 hippogriffs
  14 spriggans (Lair:6)
  37 yaks
  9 wyverns
  A wraith (D:13)
  A yak (shapeshifter) (D:14)
  3 basilisks
  7 hogs
  3 hungry ghosts
  4 vampire mosquitoes
  Menkaure (D:6)
  2 acid dragons
  A hell hound (D:15)
  15 water moccasins
  A floating eye (shapeshifter) (D:14)
  3 orc warriors
  7 porcupines
  3 black bears (Lair:6)
  Purgy (Sewer)
  5 phantoms
  4 sky beasts
  4 ice beasts
  14 ogres
  16 centaurs
  A hornet zombie (D:10)
  15 wolves (Lair:6)
  4 boggarts (Lair:6)
  13 crocodiles
  6 big kobolds
  A gnoll sergeant (D:11)
  19 bullfrogs
  3 wyvern skeletons
  3 scorpions
  2 killer bees
  15 wights
  The ghost of derval the Grave Robber, a weakling DsNe (D:3)
  5 electric eels
  5 crimson imps
  6 howler monkeys
  5 hounds
  3 quasits (D:3)
  6 centaur skeletons
  4 jellies
  6 orc priests
  A bullfrog skeleton (D:9)
  An iguana (D:11)
  14 orc wizards
  10 worker ants
  2 hound skeletons
  5 gnolls (D:11)
  A worker ant zombie (D:6)
  9 river rats (D:6)
  18 adders
  4 shadow imps
  2 oozes
  4 adder skeletons
  A worm (D:6)
  A dart slug (D:4)
  9 leopard geckos
  49 orcs
  8 giant cockroaches
  9 goblins
  9 hobgoblins
  6 jackals
  13 quokkas
  2 ball pythons
  8 bats
  15 frilled lizards
  27 kobolds
  A leopard gecko skeleton (D:4)
  A quokka zombie (D:5)
  24 rats
676 creatures vanquished.

Vanquished Creatures (collateral kills)
  An ogre mage (D:15)
  2 deep elf magi (D:15)
  A centaur skeleton (D:13)
  A dream sheep (Lair:6)
  3 slime creatures
  2 hippogriffs (D:15)
  A spriggan (Lair:6)
  4 yaks
  2 basilisks (D:15)
  A wyvern (Lair:6)
  A vampire mosquito (D:13)
  A water moccasin (Lair:6)
  A sky beast (D:12)
  An orc warrior (D:14)
  A black bear (Lair:6)
  4 ogres (D:13)
  A centaur (D:9)
  A big kobold (D:10)
  A bullfrog (D:11)
  A wyvern skeleton (D:13)
  A killer bee (D:12)
  A wight (D:14)
  2 crimson imps (D:12)
  An adder (D:12)
  4 orcs
  4 kobolds
  6 fungi
  A plant (D:12)
51 creatures vanquished.

Vanquished Creatures (others)
  4 fungi
  10 plants
14 creatures vanquished.

Grand Total: 741 creatures vanquished

Notes
Turn   | Place    | Note
-------+----------+-------------------------------------------
     0 | D:1      | namelastname112 the Draconian Assassin began the quest for
                  | the Orb.
     0 | D:1      | Reached XP level 1. HP: 17/17 MP: 1/1
   147 | D:1      | Reached skill level 1 in Dodging
   183 | D:1      | Reached XP level 2. HP: 25/25 MP: 2/2
   681 | D:1      | Reached XP level 3. HP: 16/30 MP: 3/3
   888 | D:2      | Found a sparkling altar of Nemelex Xobeh.
  1139 | D:2      | You fall through a shaft!
  1153 | D:3      | Reached skill level 1 in Shields
  1153 | D:3      | Reached XP level 4. HP: 23/37 MP: 4/4
  1220 | D:3      | Found a faded altar of an unknown god.
  1420 | D:3      | Found a transporter.
  1474 | D:3      | Found a glowing golden altar of the Shining One.
  1479 | D:3      | Found a basalt altar of Yredelemnul.
  1481 | D:3      | Noticed a profane servitor
  1515 | D:3      | Found a transporter.
  1518 | D:3      | Noticed derval's ghost (weakling DsNe)
  1599 | D:3      | Found a white marble altar of Elyvilon.
  1769 | D:3      | Noticed an angel
  1820 | D:3      | Reached XP level 5. HP: 37/45 MP: 5/5
  1840 | D:3      | Killed derval's ghost
  1965 | D:4      | Reached XP level 6. HP: 45/51 MP: 6/6
  2279 | D:4      | Found a staircase to the Ecumenical Temple.
  2284 | Temple   | Entered the Ecumenical Temple
  3027 | D:4      | Found a shimmering altar of Xom.
  3077 | D:5      | Entered Level 5 of the Dungeon
  3106 | D:5      | Found an iron altar of Okawaru.
  3205 | D:5      | Your scales start taking on a dull iron-grey colour.
  3205 | D:5      | Reached XP level 7. HP: 58/58 MP: 7/7
  3205 | D:5      | Gained mutation: You can survive without breathing. [Grey
                  | Draconian growth]
  3340 | D:5      | Reached skill level 5 in Short Blades
  3421 | D:5      | Found a shimmering altar of Xom.
  3609 | D:5      | Found a glowing drain.
  3613 | Sewer    | Entered a sewer
  3671 | Sewer    | Noticed Purgy
  3683 | Sewer    | Killed Purgy
  3683 | Sewer    | Reached skill level 5 in Stealth
  3683 | Sewer    | Reached XP level 8. HP: 62/67 MP: 8/8
  3728 | Sewer    | Got a jewelled quarterstaff
  3734 | Sewer    | Identified the +7 quarterstaff "Antiecug" {speed, rElec
                  | rC+} (You found it in a sewer)
  3808 | D:5      | Found a blossoming altar of Fedhas.
  3810 | D:5      | Found an ancient bone altar of Kikubaaqudgha.
  4175 | D:5      | Found a bloodstained altar of Trog.
  4516 | D:6      | Noticed Menkaure
  4523 | D:6      | Killed Menkaure
  4778 | D:6      | Reached skill level 5 in Fighting
  5219 | D:5      | Became a worshipper of Kikubaaqudgha
  5310 | D:7      | Reached skill level 1 in Spellcasting
  5310 | D:7      | Reached skill level 1 in Necromancy
  5417 | D:7      | Found Dosode Bogyk's Gadget Shoppe.
  5461 | D:7      | Found Emid's Gadget Emporium.
  5494 | D:7      | Found a shadowy altar of Dithmenos.
  5536 | D:7      | Reached XP level 9. HP: 70/74 MP: 9/11
  5566 | D:7      | Noticed a dagger
  5566 | D:7      | Noticed a dagger
  5567 | D:7      | Found a hide-covered altar of Uskayaw.
  5629 | D:7      | Found Litiluh's Assorted Antiques.
  5632 | D:7      | Bought a potion of heal wounds for 170 gold pieces
  5688 | D:7      | Found Wyraog's Gadget Shop.
  5713 | D:7      | Reached * piety under Kikubaaqudgha
  5713 | D:7      | Identified Kikubaaqudgha's Almanac of Darkness
                  | (Kikubaaqudgha gifted it to you on level 7 of the Dungeon)
  5713 | D:7      | Received a gift from Kikubaaqudgha
  5754 | D:7      | Learned a level 3 spell: Regeneration
  5756 | D:7      | Learned a level 1 spell: Animate Skeleton
  5932 | D:7      | Found Ydimm's Distillery.
  5940 | D:7      | Bought a potion of heal wounds for 75 gold pieces
  6023 | D:8      | Reached skill level 2 in Necromancy
  6171 | D:8      | Noticed a death yak
  6171 | D:8      | Noticed a death yak
  6172 | D:8      | Noticed a death yak
  6177 | D:8      | Noticed a two-headed ogre
  6475 | D:8      | Identified a scroll of acquirement
  6500 | D:8      | Found a sparkling altar of Nemelex Xobeh.
  6545 | D:8      | Killed a two-headed ogre
  6545 | D:8      | Reached skill level 3 in Necromancy
  6759 | D:8      | Found a staircase to the Lair.
  7244 | D:9      | Reached skill level 4 in Necromancy
  7434 | D:9      | Noticed a troll
  7443 | D:9      | Killed a troll
  7443 | D:9      | Reached XP level 10. HP: 47/83 MP: 16/16
  7475 | D:9      | Noticed Maurice
  7494 | D:9      | Killed Maurice
  7531 | D:9      | Found a runed door.
  7531 | D:9      | Noticed soark's ghost (novice DECj)
  7540 | D:9      | Reached skill level 5 in Dodging
  7587 | D:9      | Reached ** piety under Kikubaaqudgha
  7670 | D:9      | Reached skill level 5 in Necromancy
  8036 | D:9      | Killed soark's ghost
  8046 | D:9      | Gained mutation: You tend to lose your temper in combat.
                  | [potion of mutation]
  8046 | D:9      | Gained mutation: You have sharp toenails. [potion of
                  | mutation]
  8047 | D:9      | Lost mutation: You tend to lose your temper in combat.
                  | [potion of mutation]
  8047 | D:9      | Lost mutation: You have sharp toenails. [potion of
                  | mutation]
  8047 | D:9      | Gained mutation: You have sharp toenails. [potion of
                  | mutation]
  8047 | D:9      | Gained mutation: You are robust. (+10% HP) [potion of
                  | mutation]
  8047 | D:9      | Gained mutation: You have very sharp teeth. [potion of
                  | mutation]
  8074 | D:10     | Entered Level 10 of the Dungeon
  8100 | D:10     | Noticed a gargoyle
  8113 | D:10     | Killed a gargoyle
  8113 | D:10     | Reached skill level 5 in Spellcasting
  8431 | D:10     | Noticed Sonja
  8453 | D:10     | Killed Sonja
  8453 | D:10     | Reached skill level 6 in Necromancy
  8905 | D:10     | Reached XP level 11. HP: 72/101 MP: 16/19
  8953 | D:10     | Reached *** piety under Kikubaaqudgha
  8953 | D:10     | Identified Kikubaaqudgha's Catalogue of Stolen Souls
                  | (Kikubaaqudgha gifted it to you on level 10 of the Dungeon)
  8953 | D:10     | Received a gift from Kikubaaqudgha
  9228 | D:10     | Learned a level 4 spell: Animate Dead
  9234 | D:10     | Learned a level 5 spell: Dispel Undead
  9250 | D:10     | Found Ovinuq's Magic Scroll Emporium.
  9255 | D:10     | Bought a scroll of blinking for 105 gold pieces
  9814 | D:11     | Killed an unseen horror
  9814 | D:11     | Reached skill level 7 in Necromancy
  9815 | D:11     | Noticed Fannar
 10118 | D:11     | Reached **** piety under Kikubaaqudgha
 10145 | D:11     | Killed Fannar
 11144 | D:12     | Found a staircase to the Orcish Mines.
 11162 | D:12     | Reached skill level 8 in Necromancy
 11773 | D:12     | Noticed Erolcha
 11793 | D:12     | Killed Erolcha
 11800 | D:12     | Reached ***** piety under Kikubaaqudgha
 12062 | D:12     | Reached XP level 12. HP: 60/113 MP: 9/21
 12448 | D:12     | Found a large runed door.
 12448 | D:12     | Found a large runed door.
 12570 | D:12     | Noticed nht's ghost (journeyman OgTm)
 12600 | D:12     | Killed nht's ghost
 12600 | D:12     | Reached skill level 9 in Necromancy
 12831 | D:13     | Noticed a centaur warrior
 12831 | D:13     | Noticed a death knight
 12895 | D:13     | Noticed a five-headed hydra
 12899 | D:13     | Killed a five-headed hydra
 13011 | D:13     | Found a gate to the Vaults.
 13044 | D:13     | Noticed a centaur warrior
 13059 | D:13     | Killed a centaur warrior
 13061 | D:13     | Noticed an ogre mage
 13075 | D:13     | Killed an ogre mage
 13286 | D:13     | Killed a centaur warrior
 13599 | D:13     | Killed a death knight
 13599 | D:13     | Reached skill level 10 in Necromancy
 14051 | D:14     | Noticed a great orb of eyes
 14084 | D:14     | Reached XP level 13. HP: 59/122 MP: 11/24
 14180 | D:14     | Paralysed by a floating eye for 4 turns
 14234 | D:13     | Learned a level 5 spell: Agony
 15040 | D:14     | Identified the Catalogue of Igneous Flight
 15141 | D:15     | Entered Level 15 of the Dungeon
 15296 | D:15     | Reached ****** piety under Kikubaaqudgha
 15309 | D:15     | Reached skill level 10 in Short Blades
 15309 | D:15     | Reached skill level 11 in Necromancy
 15334 | D:15     | Reached skill level 10 in Fighting
 15940 | D:15     | Found a staircase to the Depths.
 15992 | D:15     | Reached skill level 10 in Stealth
 15997 | D:15     | Reached XP level 14. HP: 74/134 MP: 9/26
 16370 | D:8      | Found a shattered altar of Ashenzari.
 16370 | D:8      | Found a hazy altar of Hepliaklqana.
 16535 | D:8      | Learned a level 5 spell: Borgnjor's Vile Clutch
 16564 | Lair:1   | Entered Level 1 of the Lair of Beasts
 16624 | Lair:1   | Found a labyrinth entrance.
 16633 | Lab      | Entered a labyrinth
 17258 | Lair:1   | Reached skill level 1 in Earth Magic
 17937 | Lair:2   | Found a staircase to the Snake Pit.
 18288 | Lair:2   | Found a staircase to the Shoals.
 19453 | Lair:4   | Reached skill level 12 in Necromancy
 19749 | Lair:4   | Learned a level 3 spell: Vampiric Draining
 20206 | Lair:5   | Noticed Kirke
 20225 | Lair:5   | Noticed a sphinx
 21688 | Lair:5   | Killed Kirke
 22156 | Lair:6   | Entered Level 6 of the Lair of Beasts
 22290 | Lair:6   | Found a transporter.
 22290 | Lair:6   | Noticed Asenluoll's ghost (journeyman MiBe)
 22294 | Lair:6   | Found a transporter.
 22416 | Lair:6   | Paralysed by a hornet for 1 turns
 22617 | Lair:6   | Reached XP level 15. HP: 53/143 MP: 2/28
 23485 | Lair:6   | Found a staircase to the Slime Pits.
 24113 | Orc:1    | Entered Level 1 of the Orcish Mines
 24195 | Orc:2    | Entered Level 2 of the Orcish Mines
 24199 | Orc:2    | Found a staircase to the Elven Halls.
 24268 | Orc:2    | Found a flickering gateway to a bazaar.
 24277 | Bazaar   | Entered a bazaar
 24279 | Bazaar   | Found Luci Omo's Book Boutique.
 24283 | Bazaar   | Found Hoqofedi's Antique Weapon Boutique.
 24283 | Bazaar   | Found Faeluq's Distillery.
 24284 | Bazaar   | Found Vuj Giz's Assorted Antiques.
 24289 | Bazaar   | Bought a potion of heal wounds for 95 gold pieces
 24289 | Bazaar   | Bought a potion of heal wounds for 95 gold pieces
 24289 | Bazaar   | Bought a potion of heal wounds for 95 gold pieces
 24294 | Bazaar   | Bought an iridescent dagger for 112 gold pieces
 24321 | Orc:2    | Identified the cursed +2 dagger of Ischebias {vamp, Str+3}
                  | (You bought it in a shop in a bazaar)
 24374 | Orc:2    | Slain by an orc warrior

Vault maps used:
D:1:      sevenhm_arrival_forest_fort_small_3, minmay_lizard_king
D:2:      first_ration, nemelex_xobeh_ov_fountains_minmay
D:3:      grunt_temple_overflow_holy_war, elyvilon_altar_4,
          chequers_ecumenical_altar_simple_redux, gammafunk_ghost_stat_death
D:4:      kennysheep_mini, temple_doors_cd
D:5:      cheibrodos_barr_body, grunt_temple_overflow_growth_and_decay,
          okawaru_trees_2, bloody_trog, gup_sewer_entry_bowl,
          xom_confusion_cloud
D:6:      lemuel_ratsnest, uniq_menkaure
D:7:      dancing_weapons_uskayaw, grunt_dithmenos_smoke, serial_shops, shop,
          shop_statue, nicolae_shop_waterfront, shop, shop
D:8:      lemuel_doored_altar, gammafunk_temple_overflow_wave,
          dpeg_lair_monsters, grunt_ogre_cave, nrook_mini_backslash
D:9:      hellmonk_ghost_happy_afterlife, uniq_maurice
D:10:     serial_shops, nicolae_shop_crystal, uniq_sonja
D:11:     kennysheep_cross_room, uniq_fannar
D:12:     orc_0_dummy, serial_bayou, serial_bayou_lake_a, serial_bayou_shore_b,
          serial_bayou_pond_c, serial_bayou_shore_b, serial_bayou_ford_a,
          ebering_ghost_disaster_area, uniq_erolcha
D:13:     hangedman_vaults_entry_quadrant_bands
D:14:     minmay_blocky_corners, grunt_decor_cap
D:15:     grunt_enter_depths_magical_seal, special_room
Temple:   nicolae_temple_figure_zero
Lair:1:   lab_entry_generic
Lair:2:   shoals_dummy_entry, minmay_snake_entry_six_corridors
Lair:5:   serial_bayou_shore_a, uniq_kirke
Lair:6:   minmay_lair_end_enchanted_forest, minmay_slime_entry_oklob_open,
          gammafunk_ghost_arena, st_stairs_9, nicolae_lair_yak_garden
Orc:2:    grunt_orc_tribal_feast, serial_shops, bzr_entry_lakeside
Bazaar:   bazaar_minmay_cross
Sewer:    sewer_the_crocodile

Skill      XL: |  1  2  3  4  5  6  7  8  9 10 11 12 13 14 15 |
---------------+----------------------------------------------+-----
Dodging        | 1 2 3 4 5 6 7 8 9 |  9.8
Throwing       | 2 3 4 |  4.2
Shields        | 1 2 3 4 |  4.0
Short Blades   | 3 4 5 6 7 8 9 10 11 | 11.3
Stealth        | 4 5 6 7 8 9 10 11 | 11.1
Fighting       | 3 4 5 6 7 8 9 10 11 | 11.6
Spellcasting   | 1 4 5 6 7 8 9 |  9.6
Necromancy     | 1 4 6 8 10 11 12 | 12.6
Earth Magic    | 3 |  3.5

Action                   |  1- 3 |  4- 6 |  7- 9 | 10-12 | 13-15 || total
-------------------------+-------+-------+-------+-------+-------++-------
Melee: Dagger            |   102 |   126 |   191 |   419 |  1135 ||  1973
       Tailslap          |    10 |    18 |    52 |   132 |   200 ||   412
       Quarterstaff      |       |       |   184 |   386 |       ||   570
       Bite              |       |       |       |   109 |   147 ||   256
       Staff             |       |       |       |       |    18 ||    18
       Unarmed           |       |       |       |       |    14 ||    14
 Fire: Blowgun           |       |       |       |     5 |       ||     5
 Cast: Animate Skeleton  |       |       |     5 |    34 |    48 ||    87
       Regeneration      |       |       |     4 |    32 |    43 ||    79
       Animate Dead      |       |       |       |    11 |    26 ||    37
       Dispel Undead     |       |       |       |    16 |     2 ||    18
       Agony             |       |       |       |       |    16 ||    16
       Borgnjor's Vile C |       |       |       |       |    11 ||    11
       Vampiric Draining |       |       |       |       |     9 ||     9
Invok: Receive Corpses   |       |       |       |       |     2 ||     2
Evoke: Wand              |       |       |       |     1 |     1 ||     2
  Use: Potion            |       |     1 |     2 |     5 |       ||     8
       Scroll            |       |       |    17 |     8 |    13 ||    38
 Stab: Sleeping          |     7 |     6 |    12 |    22 |    40 ||    87
       Distracted        |       |       |     1 |     6 |     2 ||     9
       Petrified         |       |       |       |       |     1 ||     1
  Eat: Chunk             |       |     7 |     6 |    18 |    29 ||    60
       Ration            |       |       |     3 |     5 |     6 ||    14
Armor: Skin              |    64 |    54 |    90 |   223 |   214 ||   645
Dodge: Dodged            |    72 |   100 |   209 |   571 |   635 ||  1587
Block: Buckler           |     9 |    31 |    17 |    40 |   217 ||   314

Table legend:
 A = Non-vault XP
 B = Vault XP
 C = Vault XP percentage of total XP
 D = Non-vault monster count
 E = Vault monster count
 F = Vault count percentage of total count
                 A         B        C        D         E       F
            +---------+---------+-------+---------+---------+-------
      Total |   71115 |   43984 |  38.2 |     503 |     217 |  30.1
            +---------+---------+-------+---------+---------+-------
        D:1 |      29 |      13 |  31.0 |      19 |      11 |  36.7
        D:2 |      41 |       0 |   0.0 |      14 |       0 |   0.0
        D:3 |      51 |     193 |  79.1 |      23 |       4 |  14.8
        D:4 |     371 |       0 |   0.0 |      19 |       0 |   0.0
        D:5 |     134 |     619 |  82.2 |       7 |      17 |  70.8
        D:6 |     316 |     460 |  59.3 |      14 |      30 |  68.2
        D:7 |     721 |       0 |   0.0 |      23 |       0 |   0.0
        D:8 |    1737 |    1907 |  52.3 |      13 |      10 |  43.5
        D:9 |    2088 |     908 |  30.3 |      35 |       3 |   7.9
       D:10 |    3546 |     802 |  18.4 |      44 |       1 |   2.2
       D:11 |    4881 |     991 |  16.9 |      58 |       1 |   1.7
       D:12 |    6204 |    2055 |  24.9 |      44 |       2 |   4.3
       D:13 |    4745 |    5370 |  53.1 |      12 |      19 |  61.3
       D:14 |    8729 |    3052 |  25.9 |      34 |       6 |  15.0
       D:15 |    5745 |   11458 |  66.6 |      17 |      31 |  64.6
     Lair:1 |    3342 |       0 |   0.0 |      17 |       0 |   0.0
     Lair:2 |    2175 |    1299 |  37.4 |      14 |      15 |  51.7
     Lair:3 |    3791 |       0 |   0.0 |      17 |       0 |   0.0
     Lair:4 |    2463 |     196 |   7.4 |      13 |       1 |   7.1
     Lair:5 |    5847 |    3181 |  35.2 |      20 |       7 |  25.9
     Lair:6 |   12733 |   11341 |  47.1 |      36 |      53 |  59.6
      Orc:2 |     497 |       0 |   0.0 |       9 |       0 |   0.0
        Lab |     929 |       0 |   0.0 |       1 |       0 |   0.0
      Sewer |       0 |     139 | 100.0 |       0 |       6 | 100.0
            +---------+---------+-------+---------+---------+-------
